 Dungeon Crawl Stone Soup version 0.22.0-6-g71bd7aa (webtiles) character file.

28 Sqgman the Charlatan (level 3, 0/31 HPs)
             Began as a Gnoll Wanderer on Aug 15, 2018.
             Slain by an adder (3 damage)
             ... on level 2 of the Dungeon.
             The game lasted 00:04:57 (1120 turns).

Sqgman the Charlatan (Gnoll Wanderer)               Turns: 1120, Time: 00:04:58

Health: 0/31       AC:  3    Str: 12 (13) XL:     3   Next: 12%
Magic:  6/6        EV: 14    Int: 11 (14) God:
Gold:   59         SH:  0    Dex: 14 (16) Spells: 3/3 levels left

rFire    . . .     SeeInvis .   n - -3 mace (curse)
rCold    . . .     Gourm    .   (no shield)
rNeg     . . .     Faith    .   c - +0 leather armour
rPois    .         Spirit   .   (no helmet)
rElec    .         Reflect  .   (no cloak)
rCorr    .         Harm     .   (no gloves)
MR       .....                  (no boots)
Stlth    +.........             (no amulet)
HPRegen  0.10/turn              (no ring)
MPRegen  0.10/turn              (no ring)

@: lethally poisoned (0 -> -3)
A: distributed training, fangs 1, strong nose
a: no special abilities


You were on level 2 of the Dungeon.
You were hungry.

You visited 1 branch of the dungeon, and saw 2 of its levels.

You collected 59 gold pieces.

Inventory:

Hand Weapons
 a - a +3 falchion
 b - a +0 quarterstaff
 n - a cursed -3 mace (weapon)
Armour
 c - a +0 leather armour (worn)
 d - a +0 robe
 e - a +3 ring mail
Scrolls
 i - 3 scrolls of teleportation
 k - a scroll of blinking
Comestibles
 f - 2 rations


   Skills:
 + Level 4.5 Fighting
 + Level 0.6 Short Blades
 + Level 2.5 Long Blades
 + Level 0.6 Axes
 + Level 0.6 Maces & Flails
 + Level 0.6 Polearms
 + Level 0.6 Staves
 + Level 0.6 Slings
 + Level 0.6 Bows
 + Level 0.6 Crossbows
 + Level 0.6 Throwing
 + Level 0.6 Armour
 + Level 4.5 Dodging
 + Level 0.6 Stealth
 + Level 0.6 Shields
 + Level 0.6 Unarmed Combat
 + Level 0.6 Spellcasting
 + Level 0.4 Conjurations
 + Level 0.4 Hexes
 + Level 0.4 Charms
 + Level 3.7 Summonings
 + Level 0.4 Necromancy
 + Level 0.4 Translocations
 + Level 0.4 Transmutations
 + Level 0.4 Fire Magic
 + Level 0.4 Ice Magic
 + Level 0.4 Air Magic
 + Level 0.4 Earth Magic
 + Level 2.1 Poison Magic
 + Level 0.8 Invocations
 + Level 4.5 Evocations


You had 3 spell levels left.
You didn't know any spells.
Your spell library contained the following spells:

 Spells                   Type           Power        Failure   Level  Hunger
 Sting                    Conj/Pois      #...         26%         1    ##.....
 Ignite Poison            Fire/Tmut/Pois #.......     63%         3    ####...


Dungeon Overview and Level Annotations

Branches:
Dungeon (2/15)

Altars:


Innate Abilities, Weirdness & Mutations

Your experience applies equally to all skills.
You have very sharp teeth.
Your uncanny sense of smell can sniff out nearby items.


Message History

The adder barely misses you. The adder bites you.
* * * LOW HITPOINT WARNING * * *
You miss the adder. Your bite misses the adder.
The bat hits you but does no damage. x2; The adder completely misses you.
The bat barely misses you. The adder closely misses you.
You barely miss the adder.
* * * LOW HITPOINT WARNING * * *
You feel sick. The bat hits you.
* * * LOW HITPOINT WARNING * * *
The adder barely misses you.
You hit the adder. You bite the adder, but do no damage.
The adder is heavily wounded.
The adder closely misses you. The adder barely misses you.
The bat barely misses you.
You closely miss the adder.
The adder is heavily wounded.
* * * LOW HITPOINT WARNING * * *
You feel sick. The bat barely misses you. The adder misses you.
The adder bites you.
You die...

#.# #..........#
#.# #..........#
#.#
##..........#
##.#
#.........###
...###.........#
...............#
......b........#
.......S.......#
..###.@.......#
......##+#######
...... +#...
#... .... ∆ #


You could see an adder and a bat.

Vanquished Creatures
  An ooze (D:1)
  A worm (D:2)
  3 giant cockroaches (D:1)
  5 goblins
  3 hobgoblins
  3 kobolds (D:1)
  3 rats
19 creatures vanquished.

Notes
Turn   | Place    | Note
-------+----------+-------------------------------------------
     0 | D:1      | Sqgman the Gnoll Wanderer began the quest for the Orb.
     0 | D:1      | Sqgman set off with: a +2 falchion, a +0 quarterstaff, a +0 robe, a ration
     0 | D:1      | Reached XP level 1. HP: 20/20 MP: 3/3
    26 | D:1      | Reached XP level 2. HP: 13/26 MP: 5/5
   810 | D:2      | Reached XP level 3. HP: 4/31 MP: 6/6
  1120 | D:2      | Slain by an adder

Skill      XL: |  1 |
---------------+----+-----
Poison Magic   | 2 |  2.1
Fighting       | |  4.5
Short Blades   | |  0.6
Long Blades    | |  2.5
Axes           | |  0.6
Maces & Flails | |  0.6
Polearms       | |  0.6
Staves         | |  0.6
Slings         | |  0.6
Bows           | |  0.6
Crossbows      | |  0.6
Throwing       | |  0.6
Armour         | |  0.6
Dodging        | |  4.5
Stealth        | |  0.6
Shields        | |  0.6
Unarmed Combat | |  0.6
Spellcasting   | |  0.6
Conjurations   | |  0.4
Hexes          | |  0.4
Charms         | |  0.4
Summonings     | |  3.7
Necromancy     | |  0.4
Translocations | |  0.4
Transmutations | |  0.4
Fire Magic     | |  0.4
Ice Magic      | |  0.4
Air Magic      | |  0.4
Earth Magic    | |  0.4
Invocations    | |  0.8
Evocations     | |  4.5

Action                   || total
-------------------------++-------
Melee: Falchion          ||    25
       Bite              ||     7
       Mace              ||    42
  Use: Scroll            ||     6
       Potion            ||     4
Armor: Robe              ||     3
       Leather armour    ||    19
Dodge: Dodged            ||    84
       Rpst.: Falchion   ||     9
